 Dungeon Crawl Stone Soup version 0.20-a0-492-g6327889 (webtiles) character file.

652 kuniqs the Slasher (level 7, -12/56 HPs)
             Began as a Barachian Gladiator on Jan 15, 2017.
             Mangled by an ogre
             ... wielding a +0 giant club
              (17 damage)
             ... on level 5 of the Dungeon.
             The game lasted 00:08:15 (4176 turns).

kuniqs the Slasher (Barachian Gladiator)            Turns: 4176, Time: 00:08:16

Health: -12/56     AC:  7    Str: 15    XL:     7   Next: 54%
Magic:  7/7        EV: 13    Int:  6    God:
Gold:   184        SH:  0    Dex: 12    Spells: 6/6 levels left

rFire    + . .     SeeInvis .   y - +1 dagger (venom)
rCold    . . .     Gourm    .   B - +0 ring mail {rF+}
rNeg     . . .     Faith    .   (no shield)
rPois    .         Spirit   .   c - +0 helmet
rElec    .         Reflect  .   (no cloak)
rCorr    .         Harm     .   t - +0 pair of gloves {archery}
MR       .....                  (no boots)
Stlth    +.........             (no amulet)
Regen    0.1/turn               (no ring)
                                (no ring)

@: can't hop, hasted, drained, quick
A: swims, slowness 1, strong legs 1
a: Hop


You were on level 5 of the Dungeon.
You were hungry.

You visited 1 branch of the dungeon, and saw 5 of its levels.
You also visited: Sewer.

You collected 184 gold pieces.

Inventory:

Hand Weapons
 a - a +0 long sword
 y - a +1 dagger of venom (weapon)
 F - a +2 hand axe of draining
Missiles
 f - 2 throwing nets (quivered)
 i - 5 tomahawks
Armour
 c - a +0 helmet (worn)
 t - a +0 pair of gloves of archery (worn)
 B - a +0 ring mail of fire resistance (worn)
Wands
 D - a wand of lightning (6/15)
Scrolls
 g - a scroll of enchant armour {unknown}
 k - 5 scrolls of teleportation {unknown}
 m - 2 scrolls of recharging {unknown}
 o - a scroll of magic mapping {unknown}
 p - 2 scrolls of remove curse {unknown}
 q - a scroll of enchant weapon
 s - 2 scrolls of fog {unknown}
 u - a scroll of noise {unknown}
 w - a scroll of fear {unknown}
 x - a scroll of blinking {unknown}
 z - a scroll of amnesia {unknown}
Potions
 h - a potion of invisibility
 j - a potion of haste
 l - a potion of curing {@q1}
 n - 5 potions of flight
 r - a potion of heal wounds
 v - a potion of agility {unknown}
 A - a potion of brilliance {unknown}
 C - a potion of berserk rage {unknown}
Comestibles
 b - a slice of pizza
 d - 4 bread rations
 e - 4 meat rations
 E - a beef jerky


   Skills:
 + Level 5.1(4.9) Fighting
 + Level 6.2(5.9) Long Blades
 - Level 1.7(1.5) Throwing
 + Level 5.5(5.3) Dodging


You had 6 spell levels left.
You didn't know any spells.

Dungeon Overview and Level Annotations

Branches:
Dungeon (5/15)
 Temple: D:4-7

Altars:
Fedhas
Qazlal
Trog
Vehumet
Xom
The Shining One


Innate Abilities, Weirdness & Mutations

You can swim through water.
You cover ground slowly.
You can hop short distances.


Message History

The hound skeleton barely misses you. The ogre misses you.
The hound skeleton bites you.
Wield which item (- for none, * to show all)? (? for menu, Esc to quit)
Your +1 dagger of venom begins to drip with poison!
y - a +1 dagger of venom (weapon)
You barely miss the hound skeleton.
The hound skeleton bites you but does no damage. x2
You hit the hound skeleton.
You destroy the hound skeleton!
You hit the ogre. You barely miss the ogre. The ogre barely misses you.
You hit the ogre.
The ogre is poisoned.
The ogre hits you with a giant club!!
Ouch! That really hurt!
Hop to where?
Boing!
You hit the ogre.
The ogre looks as sick as possible!
The ogre hits you with a giant club!
* * * LOW HITPOINT WARNING * * *
You feel yourself speed up. The ogre hits you with a giant club!
You die...

#.# #.#
#.# #.#
#.# #.#
#.# #<#
#####@#
#...O.#
#.#####
........#
.$......)
#######.#.
#.#.# #.#
# #.#


You could see an ogre.

Vanquished Creatures
  A phantom (D:4)
  An ogre (D:4)
  A hound (D:3)
  An orc priest (D:3)
  3 worker ants (D:4)
  Natasha (thrice) (D:3)
  A hound skeleton (D:5)
  A gnoll (D:1)
  4 adders
  8 oozes
  7 worms
  3 dart slugs
  6 leopard geckos
  15 orcs
  12 bats
  7 giant cockroaches
  11 goblins
  13 hobgoblins
  7 jackals
  4 quokkas
  5 ball pythons
  8 frilled lizards
  2 jackal skeletons (D:4)
  13 kobolds
  9 rats
146 creatures vanquished.

Vanquished Creatures (others)
  A rat (D:3)
1 creature vanquished.

Grand Total: 147 creatures vanquished

Notes
Turn   | Place    | Note
-------+----------+-------------------------------------------
     0 | D:1      | kuniqs the Barachian Gladiator began the quest for the Orb.
     0 | D:1      | Reached XP level 1. HP: 16/16 MP: 1/1
   162 | D:1      | Reached XP level 2. HP: 23/23 MP: 2/2
   222 | D:1      | Reached XP level 3. HP: 28/28 MP: 3/3
   782 | D:1      | Reached skill level 4 in Long Blades
  1012 | D:2      | Found a shimmering altar of Xom.
  1015 | D:2      | Reached XP level 4. HP: 35/35 MP: 4/4
  1710 | D:4      | Noticed an ogre
  1717 | D:4      | Killed an ogre
  1717 | D:4      | Reached XP level 5. HP: 24/42 MP: 5/5
  1731 | D:4      | Found a glowing drain.
  1841 | Sewer    | Entered a sewer
  2337 | Sewer    | Reached XP level 6. HP: 41/48 MP: 6/6
  2460 | Sewer    | Reached skill level 5 in Long Blades
  2616 | D:3      | Found a stormy altar of Qazlal.
  2619 | D:3      | Found a blossoming altar of Fedhas.
  2807 | D:3      | Noticed Natasha
  2816 | D:3      | Killed Natasha
  2831 | D:3      | Noticed Natasha
  2947 | D:3      | Killed Natasha
  2947 | D:3      | Reached skill level 5 in Dodging
  3016 | D:3      | Found a radiant altar of Vehumet.
  3154 | D:3      | Found a glowing golden altar of the Shining One.
  3262 | D:3      | Noticed Natasha
  3274 | D:3      | Killed Natasha
  3366 | D:3      | Reached XP level 7. HP: 52/55 MP: 7/7
  3537 | D:5      | Entered Level 5 of the Dungeon
  3744 | D:4      | Reached skill level 5 in Fighting
  3744 | D:4      | Reached skill level 6 in Long Blades
  3810 | D:4      | Found a bloodstained altar of Trog.
  4176 | D:5      | Mangled by an ogre

Vault maps used:
D:1:      minmay_arrival_open_corners, minmay_cut_off
D:2:      old_standard_altar, grunt_decor_one_mirror
D:3:      fiery_altar_vehumet, nicolae_tso_carved_into_rock,
          grunt_temple_overflow_forces_of_nature, uniq_natasha
D:4:      corexii_shack_village, bloody_trog, portal_sewer_entry_a, first_bread
D:5:      dancing_weapons_uskayaw, nicolae_gozag_zags_fifth_avenue,
          uniq_blork_the_orc
Sewer:    sewer_fruit_machine

Skill      XL: |  1  2  3  4  5  6  7 |
---------------+----------------------+-----
Fighting       | 3 4 5 |  5.1
Long Blades    | 4 5 6 |  6.2
Dodging        | 4 5 |  5.5
Throwing       | |  1.7

Action                   |  1- 3 |  4- 6 |  7- 9 || total
-------------------------+-------+-------+-------++-------
Melee: Long sword        |    78 |   205 |    11 ||   294
       Dagger            |       |    82 |    95 ||   177
       Hand axe          |       |       |     3 ||     3
Throw: Tomahawk          |     2 |     1 |       ||     3
       Throwing net      |     1 |       |       ||     1
 Abil: Hop               |       |       |     1 ||     1
  Use: Scroll            |       |     6 |       ||     6
       Potion            |       |     1 |     1 ||     2
  Eat: Chunk             |     1 |     9 |     2 ||    12
Armor: Leather armour    |     7 |       |       ||     7
       Ring mail         |    25 |   118 |    18 ||   161
Dodge: Dodged            |    53 |   207 |    60 ||   320
       Rpst.: Long sword |    15 |    53 |     4 ||    72
